 Dungeon Crawl Stone Soup version 0.21-a0-440-g28109cb (webtiles) character file.

89896 nikopol the Eclecticist (level 15, -3/74 HPs)
             Began as a Deep Elf Fire Elementalist on Nov 9, 2017.
             Was the Champion of Sif Muna.
             Slain by a wolf spider (11 damage)
             ... on level 1 of the Spider Nest on Nov 10, 2017.
             The game lasted 02:55:55 (29194 turns).

nikopol the Eclecticist (DEFE)                     Turns: 29194, Time: 02:55:56

Health: -3/74      AC:  9    Str:  5    XL:     15   Next: 50%
Magic:  54/54      EV: 15    Int: 27    God:    Sif Muna [******]
Gold:   104        SH:  0    Dex: 15    Spells: 5/54 levels left

rFire    + . .     SeeInvis .   R - staff of fire
rCold    . . .     Gourm    +   (no shield)
rNeg     + + .     Faith    .   a - +2 robe {MR+}
rPois    +         Spirit   .   I - +0 Maxwell's etheric cage {RegenMP+ *Contam rElec MP+4}
rElec    +         Reflect  .   G - +0 cloak
rCorr    .         Harm     .   (no gloves)
MR       ++++.                  b - +2 pair of boots of the Assassin {Detection Stab+ Stlth++}
Stlth    +++++.....             C - amulet of the gourmand
HPRegen  0.22/turn              Z - ring of poison resistance MPRegen 0.84/turn*
                                e - ring "Tupuakky" {*Contam rN++ MR++ MP+9}

@: lethally poisoned (-3 -> -24)
A: no striking features
a: Divine Energy, Channel Magic, Forget Spell, Renounce Religion


You were on level 1 of the Spider Nest.
You worshipped Sif Muna.
Sif Muna was exalted by your worship.
You were very full.

You visited 5 branches of the dungeon, and saw 24 of its levels.
You also visited: Labyrinth.

You collected 2122 gold pieces.
You spent 2018 gold pieces at shops.

Inventory:

Armour
 a - a +2 robe of magic resistance (worn)
 b - the +2 pair of boots of the Assassin (worn) {Detection Stab+ Stlth++}
   (You bought it in a shop on level 2 of the Orcish Mines)

   It makes you much more stealthy.
 G - a +0 cloak (worn)
 I - the +0 Maxwell's etheric cage (worn) {RegenMP+ *Contam rElec MP+4}
   (You bought it in a shop on level 7 of the Dungeon)

   It insulates you from electricity.
   It affects your magic capacity (+4).
   It causes magical contamination when unequipped.
Magical Staves
 R - an uncursed staff of fire (weapon)
Jewellery
 e - the ring "Tupuakky" (right hand) {*Contam rN++ MR++ MP+9}
   (You acquired it on level 13 of the Dungeon)

   [ring of magical power]

   It greatly protects you from negative energy.
   It affects your resistance to hostile enchantments.
   It affects your magic capacity (+9).
   It causes magical contamination when unequipped.
 m - an uncursed ring of see invisible
 o - an uncursed ring of protection from fire
 C - an amulet of the gourmand (around neck)
 Z - a ring of poison resistance (left hand)
Wands
 p - a wand of paralysis (22/24)
 A - a wand of lightning (11/15)
 F - a wand of disintegration (20/24)
 J - a wand of confusion (27/48)
 M - a wand of clouds (9/9)
 O - a wand of disintegration (13/24)
 Q - a wand of acid (1/15)
Scrolls
 l - 2 scrolls of remove curse
 q - 5 scrolls of teleportation
 s - a scroll of fog
 v - 6 scrolls of enchant armour
 x - 3 scrolls of magic mapping
 y - 2 scrolls of blinking
 D - 2 scrolls of fear
 H - a scroll of identify
Potions
 f - 2 potions of brilliance
 j - 3 potions of haste
 k - 6 potions of agility
 n - 2 potions of invisibility
 r - 3 potions of berserk rage
 t - 2 potions of might
 w - 6 potions of curing
 K - 5 potions of flight
 L - 4 potions of heal wounds
 N - a potion of magic
 X - a potion of mutation
Books
 i - Sif Muna's Papyrus of Conjuration
   (Sif Muna gifted it to you on level 12 of the Dungeon)

   Spells                             Type                      Level
   a - Iskenderun's Mystic Blast      Conjuration                  4
   b - Sticky Flame                   Conjuration/Fire             4
   c - Lightning Bolt                 Conjuration/Air              5
   d - Venom Bolt                     Conjuration/Poison           5
   e - Spellforged Servitor           Conjuration/Summoning        7
   f - Lehudib's Crystal Spear        Conjuration/Earth            8
 E - Sif Muna's Catalogue of Attacks and Curses
   (Sif Muna gifted it to you on level 14 of the Dungeon)

   Spells                             Type                      Level
   a - Flame Tongue                   Conjuration/Fire             1
   b - Sticky Flame                   Conjuration/Fire             4
   c - Fireball                       Conjuration/Fire             5
   d - Lightning Bolt                 Conjuration/Air              5
   e - Summon Mana Viper              Hexes/Summoning              5
   f - Discord                        Hexes                        8
 P - a book of Maledictions

   Spells                             Type                      Level
   a - Corona                         Hexes                        1
   b - Ensorcelled Hibernation        Hexes/Ice                    2
   c - Confuse                        Hexes                        3
   d - Tukima's Dance                 Hexes                        3
   e - Dazzling Spray                 Conjuration/Hexes            3
 S - a Fen Folio

   Spells                             Type                      Level
   a - Corpse Rot                     Necromancy                   2
   b - Stone Arrow                    Conjuration/Earth            3
   c - Leda's Liquefaction            Hexes/Earth                  4
   d - Summon Forest                  Summoning/Translocation      5
   e - Hydra Form                     Transmutation                6
   f - Summon Hydra                   Summoning                    7
Miscellaneous
 d - a phantom mirror
 u - a lightning rod (4/4)
 B - a fan of gales
 T - a lightning rod (4/4)
Comestibles
 c - 14 bread rations
 g - 13 meat rations
 h - 11 royal jellies
 z - 5 fruits
 U - a chunk of flesh


   Skills:
 + Level 1.3 Fighting
 + Level 5.2 Dodging
 + Level 6.1 Stealth
 + Level 20.2 Spellcasting
 + Level 16.1 Conjurations
 + Level 2.6 Translocations
 + Level 15.9 Fire Magic
 + Level 2.0 Ice Magic


You had 5 spell levels left.
You knew the following spells:

 Your Spells              Type           Power        Failure   Level  Hunger
a - Flame Tongue          Conj/Fire      #####        0%          1    None
b - Throw Flame           Conj/Fire      ######       0%          2    None
c - Conjure Flame         Conj/Fire      ########     0%          3    None
d - Fireball              Conj/Fire      ########..   1%          5    None
e - Force Lance           Conj/Tloc      ######..     1%          4    None
f - Bolt of Fire          Conj/Fire      ########..   1%          6    #......
g - Throw Icicle          Conj/Ice       ######..     1%          4    None
h - Fire Storm            Conj/Fire      ########..   82%         9    #######
i - Bolt of Cold          Conj/Ice       ######....   5%          6    #......
j - Blink                 Tloc           N/A          1%          2    None
k - Ring of Flames        Chrm/Fire      #######...   43%         7    ####...


Dungeon Overview and Level Annotations

Branches:
Dungeon (14/15)            Temple (1/1) D:4            Lair (6/6) D:10
 Shoals (0/4) Lair:2       Spider (1/4) Lair:3        Slime (0/5) Lair:6
    Orc (2/2) D:12            Elf (0/3) Orc:2        Vaults (0/5) D:13

Altars:
Ashenzari
Dithmenos
Elyvilon
Hepliaklqana
Kikubaaqudgha
Makhleb
Nemelex Xobeh
Okawaru
Qazlal
Ru
Sif Muna
Trog
Uskayaw
Vehumet
Wu Jian
Yredelemnul
Zin
The Shining One
Beogh
Jiyva

Shops:
D:7 *[}=*   D:10 *   Orc:1 *   Orc:2 =*[(


Message History

You climb downwards.
Welcome back to the Spider Nest!
This branch contains the gossamer rune of Zot.
A demonic crawler comes into view.
The wolf spider barely misses you. The wolf spider bites you.
The wolf spider closely misses you. The wolf spider bites you.
The jumping spider pounces on you!
You are caught in a web!
The jumping spider bites you.
There is a crawl-hole back to the Lair, spattered with blood here.
You can't do that while caught in a web.
The wolf spider hits you!! The wolf spider bites you.
You are poisoned.
The wolf spider poisons you! The jumping spider pounces on you!
* * * LOW HITPOINT WARNING * * *
The jumping spider closely misses you. The wolf spider completely misses you.
The wolf spider bites you.
* * * LOW HITPOINT WARNING * * *
The wolf spider hits you.
* * * LOW HITPOINT WARNING * * *
The wolf spider bites you!
You die...

.^.#........
..#.^......
..........
##...†.....
#......{.{
#..#.s.s.. #.
#..#...s##
.#..#..#..ss@#
# ...#..#...s##
#...#..#^....##
..#...#.^....#
##...#.....[##
#....#.....##
#..##.....^#
##.......##
######^......##


You could see a demonic crawler, 2 wolf spiders, an orb spider and 2 jumping
spiders.

Vanquished Creatures
  A sphinx (D:13)
  Frances (Lair:3)
  2 fire giants
  An orc warlord (Orc:2)
  An entropy weaver (Spider:1)
  A dire elephant (Lair:4)
  An ettin (Orc:2)
  A fire dragon (Lair:6)
  A minotaur (Lab)
  Josephine (Orc:1)
  5 hydras
  4 vault guards (D:13)
  5 two-headed ogres
  2 centaur warriors
  2 death yaks (Lair:3)
  A tengu warrior (D:13)
  2 unseen horrors
  An orb spider (Spider:1)
  2 lindwurms
  5 orc knights
  8 orc sorcerers
  6 ugly things
  3 deep elf magi
  3 wolf spiders (Spider:1)
  6 cyclopes
  Maurice (D:8)
  3 oklob plants (Lair:5)
  7 elephants
  3 molten gargoyles (Lair:6)
  Joseph (Lair:1)
  5 black mambas
  3 centaur zombies
  A torpor snail (Lair:3)
  2 gargoyles
  8 spiny frogs
  13 komodo dragons
  The ghost of varam the Reanimator, a novice HuNe of Yredelemnul (D:7)
  2 kobold demonologists
  4 demonic crawlers
  3 freezing wraiths
  2 efreet
  A redback zombie (D:13)
  7 trolls
  The ghost of MirrMurr the Poker, an amateur MfBe of Trog (D:3)
  4 jumping spiders (Spider:1)
  12 blink frogs
  9 hippogriffs
  2 slime creatures (D:12)
  A snapping turtle (Lair:2)
  Sigmund (D:3)
  2 shadows (D:13)
  9 wyverns
  5 redbacks
  21 yaks
  5 tarantellas
  A vampire (D:10)
  A human (shapeshifter) (D:13)
  6 fire bats
  4 wraiths
  4 hogs (D:7)
  A human (D:7)
  6 basilisks
  2 steam dragons
  6 vampire mosquitoes
  4 hungry ghosts
  An acid dragon (D:13)
  2 wargs (Orc:2)
  10 water moccasins
  5 hell hounds
  A soldier ant (D:13)
  A two-headed ogre zombie (D:12)
  Duvessa (D:5)
  7 porcupines
  25 orc warriors
  3 ice beasts
  2 sky beasts
  3 eyes of draining
  A black bear (D:10)
  19 ogres
  2 necrophages
  8 wolves (Lair:1)
  6 phantoms
  7 centaurs
  10 crocodiles
  5 big kobolds
  18 bullfrogs
  Dowan (D:5)
  A water moccasin zombie (D:10)
  3 scorpions
  A troll zombie (D:12)
  6 killer bees
  4 wights (D:10)
  2 vampire bats (D:5)
  5 howler monkeys
  7 electric eels
  5 lava snakes (Lair:6)
  5 crimson imps
  6 hounds
  2 bullfrog zombies
  4 jellies
  7 orc priests
  A quasit (D:11)
  A gnoll shaman (D:5)
  3 centaur skeletons
  6 bullfrog skeletons
  Ijyb (D:5)
  2 iguanas
  13 orc wizards
  14 worker ants
  6 ogre zombies (D:12)
  A worker ant zombie (D:7)
  A howler monkey zombie (D:12)
  13 adders
  6 gnolls
  A howler monkey skeleton (D:6)
  5 adder zombies
  2 worms (D:4)
  A dart slug (D:2)
  7 leopard geckos
  71 orcs
  11 bats
  3 giant cockroaches
  8 goblins
  9 hobgoblins
  12 jackals
  22 kobolds
  3 quokkas
  2 ball pythons
  A frilled lizard (D:4)
  A goblin skeleton (D:12)
  2 goblin zombies (D:12)
  A hobgoblin skeleton (D:12)
  A hobgoblin zombie (D:12)
  2 orc skeletons (D:12)
  18 orc zombies (D:12)
  A quokka skeleton (D:7)
  13 rats
  A bush (Lair:5)
  4 fungi
  A plant (Lair:6)
707 creatures vanquished.

Vanquished Creatures (others)
  A centaur skeleton (D:11)
  8 fungi
  3 plants
  4 toadstools (Lair:4)
16 creatures vanquished.

Grand Total: 723 creatures vanquished

Notes
Turn   | Place    | Note
-------+----------+-------------------------------------------
     0 | D:1      | nikopol the Deep Elf Fire Elementalist began the quest for the Orb.
     0 | D:1      | Reached XP level 1. HP: 10/10 MP: 6/6
   172 | D:1      | Reached XP level 2. HP: 15/15 MP: 0/8
   176 | D:1      | Learned a level 2 spell: Throw Flame
   791 | D:2      | Reached XP level 3. HP: 19/19 MP: 3/10
   808 | D:2      | Reached skill level 4 in Spellcasting
  1309 | D:2      | Found a shattered altar of Ashenzari.
  1313 | D:2      | Saw a vision of the Shoals and the Spider Nest.
  1313 | D:2      | Noticed a hornet
  1313 | D:2      | Noticed a redback
  1313 | D:2      | Noticed a merfolk
  1313 | D:2      | Noticed a merfolk siren
  1313 | D:2      | Noticed a wolf spider
  1313 | D:2      | Noticed a merfolk siren
  1313 | D:2      | Noticed a redback
  1313 | D:2      | Noticed a wolf spider
  1313 | D:2      | Noticed a redback
  1313 | D:2      | Noticed a merfolk siren
  1314 | D:2      | Noticed a hippogriff
  1314 | D:2      | Noticed a merfolk
  1314 | D:2      | Noticed a redback
  1315 | D:2      | Reached XP level 4. HP: 24/24 MP: 10/12
  1475 | D:3      | Noticed Sigmund
  1510 | D:2      | Learned a level 3 spell: Conjure Flame
  1880 | D:3      | Reached XP level 5. HP: 28/28 MP: 3/14
  1964 | D:3      | Noticed MirrMurr's ghost (amateur MfBe)
  2299 | D:3      | Killed MirrMurr's ghost
  2299 | D:3      | Reached skill level 5 in Spellcasting
  2299 | D:3      | Reached XP level 6. HP: 13/32 MP: 6/16
  2522 | D:3      | Reached skill level 5 in Fire Magic
  2812 | D:3      | Killed Sigmund
  2812 | D:3      | Reached skill level 6 in Spellcasting
  2812 | D:3      | Reached XP level 7. HP: 19/36 MP: 8/18
  3177 | D:4      | Learned a level 5 spell: Fireball
  3198 | D:4      | Found a staircase to the Ecumenical Temple.
  3207 | Temple   | Entered the Ecumenical Temple
  3220 | Temple   | Became a worshipper of Sif Muna the Loreminder
  3409 | D:4      | Reached skill level 5 in Conjurations
  3711 | D:4      | Reached skill level 7 in Spellcasting
  4120 | D:5      | Entered Level 5 of the Dungeon
  4128 | D:5      | Reached XP level 8. HP: 41/41 MP: 12/21
  4281 | D:5      | Found a radiant altar of Vehumet.
  4284 | D:5      | Noticed Duvessa
  4284 | D:5      | Noticed Dowan
  4304 | D:5      | Killed Duvessa
  4320 | D:5      | Killed Dowan
  4320 | D:5      | Reached * piety under Sif Muna
  4320 | D:5      | Reached skill level 8 in Spellcasting
  4754 | D:5      | Found a hazy altar of Hepliaklqana.
  4864 | D:5      | Noticed Ijyb
  4869 | D:5      | Killed Ijyb
  4983 | D:5      | Found the +4 Vampire's Tooth {vamp}
  5351 | D:6      | Reached ** piety under Sif Muna
  5367 | D:6      | Found a sparkling altar of Nemelex Xobeh.
  5438 | D:6      | Reached skill level 9 in Spellcasting
  5731 | D:6      | Reached XP level 9. HP: 46/46 MP: 7/24
  5935 | D:7      | Found Mikueki's Gadget Boutique.
  5982 | D:7      | Found Tuijuac's General Store.
  6060 | D:7      | Found Gases Weuwio's General Store.
  6094 | D:7      | Noticed varam's ghost (novice HuNe)
  6115 | D:7      | Killed varam's ghost
  6203 | D:7      | Reached skill level 10 in Spellcasting
  6224 | D:7      | Reached *** piety under Sif Muna
  6555 | D:7      | Found Yteli's Antique Armour Shop.
  6583 | D:7      | Noticed a dagger
  6634 | D:7      | Noticed a dagger
  6657 | D:7      | Found a hide-covered altar of Uskayaw.
  7063 | D:7      | Found Rizyorao's Jewellery Boutique.
  7224 | D:8      | Noticed Maurice
  7228 | D:8      | Killed Maurice
  7228 | D:8      | Reached skill level 11 in Spellcasting
  7231 | D:8      | Found a burning altar of Makhleb.
  7664 | D:8      | Got an uncursed pitted trident {holy}
  7665 | D:8      | Identified the +3 trident of Weokeudi {holy, rC+ Dex+4} (You took it off a centaur on level 8 of the Dungeon)
  7676 | D:8      | Reached **** piety under Sif Muna
  7693 | D:8      | Noticed a two-headed ogre
  7708 | D:8      | Killed a two-headed ogre
  7708 | D:8      | Reached XP level 10. HP: 38/51 MP: 4/27
  8136 | D:8      | Found an ornate altar of the Wu Jian Council.
  8435 | D:9      | Found a burning altar of Makhleb.
  8501 | D:9      | Found a bloodstained altar of Trog.
  8508 | D:9      | Reached skill level 10 in Fire Magic
  8639 | D:9      | Noticed a two-headed ogre
  8657 | D:9      | Killed a two-headed ogre
  8657 | D:9      | Reached skill level 12 in Spellcasting
  8959 | D:9      | Reached ***** piety under Sif Muna
  9582 | D:10     | Entered Level 10 of the Dungeon
  9881 | D:9      | Identified Sif Muna's Incunabulum of the New World (Sif Muna gifted it to you on level 9 of the Dungeon)
  9881 | D:9      | Received a gift from Sif Muna
  9891 | D:9      | Learned a level 4 spell: Force Lance
 10497 | D:10     | Reached XP level 11. HP: 55/55 MP: 9/29
 10518 | D:10     | Reached skill level 10 in Conjurations
 10643 | D:10     | Reached skill level 13 in Spellcasting
 10751 | D:10     | Found Decsoad's Demolitions Depot.
 11021 | D:10     | Found a staircase to the Lair.
 11303 | D:11     | Noticed an unseen horror
 11306 | D:11     | Killed an unseen horror
 11766 | D:11     | Found an iron altar of Okawaru.
 12427 | D:11     | Reached skill level 14 in Spellcasting
 12566 | D:11     | Reached skill level 1 in Translocations
 13373 | D:11     | Noticed a fire giant
 13504 | D:10     | Learned a level 6 spell: Bolt of Fire
 13509 | D:10     | Learned a level 4 spell: Throw Icicle
 13598 | D:11     | Reached skill level 1 in Fighting
 13606 | D:11     | Found a white marble altar of Elyvilon.
 13791 | D:11     | Received a gift from Sif Muna
 14422 | Lair:1   | Entered Level 1 of the Lair of Beasts
 14567 | Lair:1   | Reached skill level 5 in Stealth
 14915 | Lair:1   | Noticed Joseph
 14919 | Lair:1   | Killed Joseph
 14919 | Lair:1   | Reached XP level 12. HP: 60/60 MP: 12/32
 15572 | Lair:1   | Reached skill level 15 in Spellcasting
 16857 | D:7      | Bought the +0 Maxwell's etheric cage {RegenMP+ *Contam rElec MP+4} for 480 gold pieces
 16857 | D:7      | Found the +0 Maxwell's etheric cage {RegenMP+ *Contam rElec MP+4}
 17359 | Lair:2   | Found a staircase to the Shoals.
 17688 | Lair:3   | Noticed a death yak
 17741 | Lair:3   | Noticed a four-headed hydra
 17744 | Lair:3   | Killed a four-headed hydra
 17747 | Lair:3   | Identified Sif Muna's Catalogue of Confrontation (Sif Muna gifted it to you on level 3 of the Lair of Beasts)
 17747 | Lair:3   | Received a gift from Sif Muna
 17825 | Lair:3   | Learned a level 9 spell: Fire Storm
 18110 | Lair:3   | Found a hole to the Spider Nest.
 18145 | Lair:3   | Reached skill level 16 in Spellcasting
 18327 | Lair:3   | Noticed a death yak
 18334 | Lair:3   | Killed a death yak
 18336 | Lair:3   | Killed a death yak
 19379 | Lair:4   | Noticed a five-headed hydra
 19380 | Lair:4   | Killed a five-headed hydra
 19433 | Lair:4   | Found a runed door.
 19488 | Lair:4   | Reached XP level 13. HP: 65/65 MP: 34/35
 19687 | Lair:4   | Noticed a dire elephant
 19804 | Lair:4   | Killed a dire elephant
 20017 | Lair:5   | Found a labyrinth entrance.
 20028 | Lair:5   | Reached skill level 17 in Spellcasting
 20076 | Lab      | Entered a labyrinth
 20351 | Lab      | Noticed a minotaur
 20354 | Lab      | Killed a minotaur
 20437 | Lab      | Got crude fire dragon scales
 20449 | Lab      | Identified the +2 fire dragon scales "Jiotoagiu" {rF++ rC- Dex+4} (You found it in a labyrinth)
 20565 | Lair:5   | Learned a level 6 spell: Bolt of Cold
 20639 | Lair:5   | Identified Sif Muna's Compendium of the Blistering Escort (Sif Muna gifted it to you on level 5 of the Lair of Beasts)
 20639 | Lair:5   | Received a gift from Sif Muna
 21297 | Lair:5   | Reached skill level 5 in Dodging
 21442 | Lair:6   | Entered Level 6 of the Lair of Beasts
 21501 | Lair:6   | Found a staircase to the Slime Pits.
 21502 | Lair:6   | Found a viscous altar of Jiyva.
 22119 | Lair:6   | Upgraded the game from 0.21-a0-437-ge5bf024 to 0.21-a0-440-g28109cb
 22199 | Lair:6   | Found a large runed door.
 22496 | Lair:6   | Noticed a fire dragon
 22501 | Lair:6   | Found a large runed door.
 22517 | Lair:6   | Killed a fire dragon
 22517 | Lair:6   | Reached skill level 18 in Spellcasting
 23162 | D:11     | Killed a fire giant
 23162 | D:11     | Reached skill level 1 in Ice Magic
 23162 | D:11     | Reached XP level 14. HP: 70/70 MP: 26/38
 23188 | D:11     | Learned a level 2 spell: Blink
 23201 | D:11     | Learned a level 7 spell: Ring of Flames
 23497 | D:12     | Found a staircase to the Orcish Mines.
 23498 | D:12     | Identified Sif Muna's Papyrus of Conjuration (Sif Muna gifted it to you on level 12 of the Dungeon)
 23498 | D:12     | Received a gift from Sif Muna
 23689 | D:12     | You fall through a shaft!
 24946 | Orc:1    | Entered Level 1 of the Orcish Mines
 25092 | Orc:1    | Found Kusiklyerr's Assorted Antiques.
 25114 | Orc:1    | Bought a warped robe for 159 gold pieces
 25124 | Orc:1    | Identified the +2 robe of Knowledge {+Blink} (You bought it in a shop on level 1 of the Orcish Mines)
 25144 | Orc:1    | Noticed Josephine
 25153 | Orc:1    | Killed Josephine
 25488 | Orc:2    | Entered Level 2 of the Orcish Mines
 25496 | Orc:2    | Noticed an orc warlord
 25631 | Orc:2    | Found Taruma's General Store.
 25727 | Orc:2    | Received a gift from Sif Muna
 25782 | Orc:2    | Found Otesehi's Antique Weapon Shop.
 25919 | Orc:2    | Killed an orc warlord
 25919 | Orc:2    | Reached skill level 19 in Spellcasting
 25919 | Orc:2    | Reached skill level 15 in Fire Magic
 25961 | Orc:2    | Found Jeumaett's Antique Armour Emporium.
 25997 | Orc:2    | Bought a colourful robe for 119 gold pieces
 26016 | Orc:2    | Identified the +1 robe of Zecwad {+Blink Stlth+} (You bought it in a shop on level 2 of the Orcish Mines)
 26112 | Orc:2    | Found Ikaukh's Jewellery Emporium.
 26114 | Orc:2    | Reached skill level 15 in Conjurations
 26216 | Orc:2    | Found a roughly hewn altar of Beogh.
 26386 | Orc:2    | Found a staircase to the Elven Halls.
 26533 | Orc:2    | Bought the +2 pair of boots of the Assassin {Detection Stab+ Stlth++} for 1260 gold pieces
 26533 | Orc:2    | Found the +2 pair of boots of the Assassin {Detection Stab+ Stlth++}
 26994 | D:13     | Found a gate to the Vaults.
 27004 | D:13     | Reached XP level 15. HP: 74/74 MP: 11/40
 27164 | D:13     | Noticed a fire giant
 27166 | D:13     | Noticed a sphinx
 27168 | D:13     | Killed a sphinx
 27172 | D:13     | HP: 1/74 [fire giant/bolt of fire (18)]
 27174 | D:13     | Killed a fire giant
 27646 | D:13     | Identified a scroll of acquirement
 27647 | D:13     | Got a crude iron ring
 27649 | D:13     | Identified the ring "Tupuakky" {*Contam rN++ MR++ MP+9} (You acquired it on level 13 of the Dungeon)
 27784 | D:14     | Identified Sif Muna's Catalogue of Attacks and Curses (Sif Muna gifted it to you on level 14 of the Dungeon)
 27784 | D:14     | Received a gift from Sif Muna
 28423 | D:14     | Found a sacrificial altar of Ru.
 28725 | Spider:1 | Entered Level 1 of the Spider Nest
 28732 | Spider:1 | Reached ****** piety under Sif Muna
 28733 | Spider:1 | Reached skill level 20 in Spellcasting
 29033 | Spider:1 | Noticed Frances
 29040 | Lair:3   | Killed Frances
 29194 | Spider:1 | Slain by a wolf spider

Vault maps used:
D:1:      dpeg_arrival_ratfight, minmay_misc_feat_diagonals
D:2:      grunt_ashenzari_visionary
D:3:      first_bread, uniq_sigmund
D:4:      minmay_temple_entry_mist, hangedman_feature_mirror, patterned_corridor
D:5:      kennysheep_mini, lemuel_coloured_pillars_altar,
          minmay_guarded_unrand_vampires_tooth, uniq_ijyb, uniq_duvessa
D:6:      nemelex_altar_shiori, lightli_orcish_oven
D:7:      dancing_weapons_uskayaw, serial_shops, shop_fountains,
          nicolae_shop_stone, nicolae_shop_trees, shop, nicolae_shop_crystal,
          grunt_livestock
D:8:      kennysheep_little_box, basic_altar, uniq_maurice
D:9:      lemuel_crystal_altar, bloody_trog
D:10:     minmay_lair_entry_lava, nicolae_blasting_shop
D:11:     minmay_firetagon, hangedman_feature_mirror
D:12:     zombieorc2_lemuel
D:13:     minmay_mutant_horseshoe, lightli_vaults_fourway_checkpoint,
          spider_trap
D:14:     nicolae_ru_path_of_blood
Temple:   eino_wide_crystal_templ
Lair:1:   grunt_megastairs_3, uniq_joseph
Lair:2:   minmay_shoals_entry_hut, minivault_27
Lair:3:   spider_nest_entry_webs, st_stairs_6, beast_lair_carwin_5
Lair:4:   gammafunk_lair_enchanted_lake
Lair:5:   lab_entry_generic, minmay_lair_oklob_chamber
Lair:6:   cheibrodos_lair_end_hotspot, slime_altar_1, serial_bayou_shore_a
Spider:1: nicolae_spider_circle_web, uniq_asterion, uniq_frances
Orc:1:    serial_shops, shop, uniq_josephine
Orc:2:    grunt_orc_gardens, grunt_orc_garden, grunt_orc_garden,
          grunt_orc_garden, grunt_orc_garden, mines2_david
Lab:      labyrinth_glass_1, nicolae_lab_quarters, labyrinth_skeletal_remains,
          nicolae_lab_dead_end

Skill      XL: |  1  2  3  4  5  6  7  8  9 10 11 12 13 14 15 |
---------------+----------------------------------------------+-----
Spellcasting   | 4 5 6 7 9 11 12 14 16 18 19 20 | 20.2
Conjurations   | 2 3 4 5 6 8 9 11 12 14 15 16 | 16.1
Fire Magic     | 4 5 6 8 9 10 11 13 14 15 | 15.9
Stealth        | 3 4 5 6 |  6.1
Dodging        | 3 4 5 |  5.2
Translocations | 2 |  2.6
Fighting       | 1 |  1.3
Ice Magic      | 1 2 |  2.0

Action                   |  1- 3 |  4- 6 |  7- 9 | 10-12 | 13-15 || total
-------------------------+-------+-------+-------+-------+-------++-------
Melee: Trident           |       |       |       |     3 |       ||     3
       Staff             |       |       |       |       |     2 ||     2
 Cast: Flame Tongue      |    69 |    76 |   245 |   297 |   151 ||   838
       Throw Flame       |       |     6 |    20 |   112 |   106 ||   244
       Conjure Flame     |       |     6 |    16 |     5 |    13 ||    40
       Fireball          |       |       |    15 |    66 |    94 ||   175
       Force Lance       |       |       |       |    37 |    27 ||    64
       Bolt of Fire      |       |       |       |    68 |   194 ||   262
       Throw Icicle      |       |       |       |     1 |    12 ||    13
       Bolt of Cold      |       |       |       |       |    18 ||    18
       Blink             |       |       |       |       |     2 ||     2
  Use: Scroll            |       |       |       |    29 |    19 ||    48
       Potion            |       |       |       |       |     1 ||     1
  Eat: Chunk             |     1 |     5 |    29 |    51 |    45 ||   131
Armor: Robe              |     3 |     3 |     8 |    40 |    29 ||    83
Dodge: Dodged            |    13 |    15 |    36 |   129 |    83 ||   276

Table legend:
 A = Spawn XP
 B = Non-spawn XP
 C = Spawn XP percentage of total XP
 D = Spawn monster count
 E = Non-spawn monster count
 F = Spawn count percentage of total count
 G = Total turns spent on level
                    A         B        C        D         E        F      G
               +---------+---------+-------+---------+---------+-------+---------
         Total |       0 |  128423 |   0.0 |       0 |     701 |   0.0 | 29194
               +---------+---------+-------+---------+---------+-------+---------
           D:1 |       0 |      34 |   0.0 |       0 |      21 |   0.0 |   763
           D:2 |       0 |      69 |   0.0 |       0 |      23 |   0.0 |  1300
           D:3 |       0 |     680 |   0.0 |       0 |      25 |   0.0 |   953
           D:4 |       0 |     556 |   0.0 |       0 |      16 |   0.0 |  1077
           D:5 |       0 |     770 |   0.0 |       0 |      30 |   0.0 |  1005
           D:6 |       0 |     698 |   0.0 |       0 |      24 |   0.0 |   793
           D:7 |       0 |    1685 |   0.0 |       0 |      19 |   0.0 |  1572
           D:8 |       0 |    2327 |   0.0 |       0 |      16 |   0.0 |  1257
           D:9 |       0 |    2656 |   0.0 |       0 |      29 |   0.0 |  1693
          D:10 |       0 |    3640 |   0.0 |       0 |      34 |   0.0 |  2691
          D:11 |       0 |    8593 |   0.0 |       0 |      53 |   0.0 |  2004
          D:12 |       0 |    7983 |   0.0 |       0 |      69 |   0.0 |  1664
          D:13 |       0 |   18693 |   0.0 |       0 |      53 |   0.0 |  1140
          D:14 |       0 |    9369 |   0.0 |       0 |      31 |   0.0 |   844
        Lair:1 |       0 |    4529 |   0.0 |       0 |      24 |   0.0 |  1662
        Lair:2 |       0 |    3574 |   0.0 |       0 |      17 |   0.0 |  1278
        Lair:3 |       0 |    9897 |   0.0 |       0 |      26 |   0.0 |  1536
        Lair:4 |       0 |    6563 |   0.0 |       0 |      22 |   0.0 |  1161
        Lair:5 |       0 |    9012 |   0.0 |       0 |      28 |   0.0 |  1121
        Lair:6 |       0 |   11945 |   0.0 |       0 |      41 |   0.0 |  1528
      Spider:1 |       0 |    6761 |   0.0 |       0 |      17 |   0.0 |   123
         Orc:1 |       0 |    4709 |   0.0 |       0 |      22 |   0.0 |   730
         Orc:2 |       0 |   12615 |   0.0 |       0 |      60 |   0.0 |   886
           Lab |       0 |    1065 |   0.0 |       0 |       1 |   0.0 |   386
               +---------+---------+-------+---------+---------+-------+---------
